 Dungeon Crawl Stone Soup version 0.30-a0-626-gd6a5dd7a1f (webtiles) character file.

Game seed: 9654953233745853480

305 Dartaoz the Cudgeller (level 6, -1/37 HPs)
             Began as a Gargoyle Fighter on Jan 11, 2023.
             Killed from afar by a gnoll (15 damage)
             ... with a bolt of dispelling energy
             ... on level 4 of the Dungeon.
             The game lasted 00:11:19 (2715 turns).

Dartaoz the Cudgeller (Gargoyle Fighter)            Turns: 2715, Time: 00:11:19

Health: -1/37      AC: 13    Str: 22    XL:     6   Next: 39%
Magic:  6/6        EV:  7    Int:  8    God:
Gold:   178        SH:  5    Dex: 15    Spells: 5/5 levels left

rFire   + . .      SeeInvis .    t - +1 flail (holy)
rCold   + . .      Faith    .    c - +0 buckler
rNeg    + . .      Spirit   .    h - +0 chain mail
rPois   ∞          Reflect  .    (no helmet)
rElec   +          Harm     .    u - scarf {rC+ rF+}
rCorr   .          Rampage  .    (no gloves)
Will    .....                    (no boots) Stlth
                                 (no amulet)
HPRegen 0.26/turn                n - +6 ring of dexterity
MPRegen 0.10/turn                (no ring)

@: no status effects
A: sickness immunity, AC +4, negative energy resistance 1, electricity
resistance, torment resistance 1, petrification resistance
a: no special abilities


You were on level 4 of the Dungeon.
You visited 1 branch of the dungeon, and saw 4 of its levels.

You collected 198 gold pieces.
You spent 20 gold pieces at shops.

Inventory:

Hand Weapons
 a - a +0 flail
 t - a +1 flail of holy wrath (weapon)
Missiles
 w - a throwing net (quivered)
Armour
 b - a +0 scale mail
 c - a +0 buckler (worn)
 h - a +0 chain mail (worn)
 u - a scarf of resistance (worn)
Jewellery
 n - a +6 ring of dexterity (left hand)
 q - a ring of protection from cold
 s - a ring of fire
Wands
 x - a wand of polymorph (5)
Scrolls
 d - a scroll of teleportation {unknown}
 g - 3 scrolls of enchant armour {unknown}
 l - a scroll of fog {unknown}
 m - 2 scrolls of fear {unknown}
 o - a scroll of magic mapping {unknown}
 v - a scroll of immolation {unknown}
Potions
 e - 2 potions of magic
 f - 3 potions of curing
 i - a potion of degeneration {unknown}
 j - a potion of flight {unknown}
 k - 2 potions of heal wounds {unknown}
 p - a potion of lignification {unknown}
 r - a potion of mutation {unknown}


   Skills:
 - Level 3.2 Fighting
 + Level 6.6 Maces & Flails
 - Level 3.2 Armour
 - Level 3.2 Shields


You had 5 spell levels left.
You didn't know any spells.
Your spell library contained the following spells:

 Spells                   Type           Power      Damage    Failure   Level
 Ensorcelled Hibernation  Hex/Ice        0%         N/A       100%        2
 Passwall                 Tmut/Erth      0%         N/A       100%        2
 Swiftness                Air            0%         N/A       100%        3


Dungeon Overview and Level Annotations

Branches:
Dungeon (4/15)
 Temple: D:4-7

Altars:
Nemelex Xobeh
Trog

Shops:
D:1 ?

Annotations:
D:4 Sigmund


Innate Abilities, Weirdness & Mutations

You are immune to sickness and miasma.
Your stone body is resilient. (AC +4)
You are immune to poison.
You resist negative energy. (rN+)
You are resistant to electric shocks. (rElec)
You are resistant to unholy torment.
You are immune to petrification.


Message History

Items here: )))))))) [[[ ††††††.
Okay, then.
x - a wand of polymorph (5)
A gnoll comes into view. It is wielding a +0 whip.
The gnoll shouts!
No target in view!
A kobold comes into view.
It is wielding a +0 short sword and quivering poisoned darts.
The kobold shouts!
A gnoll comes into view.
It is wielding a +0 halberd and carrying a wand of quicksilver (7).
You block the gnoll's attack.
You closely miss the gnoll. The gnoll barely misses you.
You hit the gnoll.
The gnoll is moderately wounded.
The gnoll hits you but does no damage.
You hit the gnoll.
The gnoll is heavily wounded.
The gnoll closely misses you. The gnoll hits you but does no damage.
You barely miss the gnoll.
The gnoll is heavily wounded.
The gnoll zaps a wand.
The bolt of dispelling energy hits you! The gnoll hits you but does no damage.
You hit the gnoll.
The gnoll is almost dead.
The gnoll zaps a wand.
The bolt of dispelling energy hits you. The gnoll hits you with a +0 whip.
You are too injured to fight recklessly!
You are too injured to fight recklessly!
You sock the gnoll!
You kill the gnoll!
An adder comes into view.
The gnoll hits you but does no damage. The adder bites you but does no damage.
You closely miss the adder. The gnoll barely misses you. The adder bites you.
The gnoll closely misses you.
You miss the adder. You block the adder's attack. The gnoll barely misses you.
The adder bites you but does no damage.
You barely miss the adder. The adder bites you but does no damage.
The gnoll completely misses you.
You closely miss the adder. The adder bites you but does no damage.
The gnoll zaps a wand.
The bolt of dispelling energy hits you!
You die...

#.............#
#.......(.....#
#.............#
#.............#
#.............####
#..............))^
#..............###
#..............#
#@..........>..#
#.S..............#
.....g..............
.........##########'##
.........# ...
.......... ..
.......... ..........#


You could see a gnoll and an adder.

Vanquished Creatures
  An ice beast (D:3)
  A hound (D:4)
  An orc priest (D:4)
  2 orc wizards (D:4)
  2 gnolls (D:4)
  An adder (D:2)
  A worm (D:3)
  3 dart slugs
  9 orcs
  8 ball pythons
  6 endoplasms
  5 giant cockroaches
  3 hobgoblins
  2 jackals (D:4)
  2 quokkas (D:2)
  A bat (D:3)
  7 goblins
  2 kobolds
  5 rats
62 creatures vanquished.

Notes
Turn   | Place    | Note
-------+----------+-------------------------------------------
     0 | D:1      | Dartaoz the Gargoyle Fighter began the quest for the Orb.
     0 | D:1      | Reached XP level 1. HP: 14/14 MP: 1/1
    48 | D:1      | Found a faded altar of an unknown god.
   244 | D:1      | Found Makaunom's Magic Scroll Shoppe.
   254 | D:1      | Reached XP level 2. HP: 19/19 MP: 2/2
   259 | D:1      | Bought a scroll of identify for 20 gold pieces
   369 | D:1      | Reached skill level 3 in Maces & Flails
   743 | D:2      | Reached XP level 3. HP: 23/23 MP: 3/3
   836 | D:2      | Found a sparkling altar of Nemelex Xobeh.
  1170 | D:2      | Reached skill level 4 in Maces & Flails
  1656 | D:3      | Noticed an ice beast
  1737 | D:3      | Reached XP level 4. HP: 23/28 MP: 4/4
  1911 | D:3      | HP: 1/28 [ice beast (5)]
  1929 | D:3      | Killed an ice beast
  1930 | D:3      | Reached skill level 5 in Maces & Flails
  1930 | D:3      | Reached XP level 5. HP: 16/32 MP: 5/5
  2086 | D:3      | Found a bloodstained altar of Trog.
  2501 | D:4      | Noticed Sigmund
  2630 | D:4      | Reached skill level 6 in Maces & Flails
  2633 | D:4      | Reached XP level 6. HP: 30/37 MP: 6/6
  2715 | D:4      | Killed from afar by a gnoll

Illustrated notes

Levels and vault maps discovered:
D:1:      roderic_crop_circles_arrival_small, layout_loops_ring,
          shapermc_ecumenical_altar_flowoftime, serial_shops, shop,
          hangedman_abyss_or_decor_stabs
D:2:      layout_basic, basic_altar, minmay_misc_feat_rugged
D:3:      layout_basic, mainiacjoe_overflow_boulevard,
          chequers_serial_rivers_room_a, corexii_leaking_fountain
D:4:      layout_basic, serial_shops, nicolae_shop_bloodbath_and_beyond,
          uniq_sigmund

Skill      XL: |  1  2  3  4  5 |
---------------+----------------+-----
Maces & Flails | 3 4 5 6 |  6.6
Fighting       | |  3.2
Armour         | |  3.2
Shields        | |  3.2

Action                   |  1- 3 |  4- 6 || total
-------------------------+-------+-------++-------
Melee: Flail             |   103 |   101 ||   204
  Use: Scroll            |     2 |       ||     2
       Potion            |       |     3 ||     3
Armor: Chain mail        |    51 |    59 ||   110
       Scale mail        |     3 |       ||     3
Dodge: Dodged            |    29 |    27 ||    56
Block: Buckler           |    20 |    13 ||    33

Table legend: (Time is in decaauts)
 A = Elapsed time spent in this place.
 B = Non-inter-level travel time spent in this place.
 C = Inter-level travel time spent in this place.
 D = Time resting spent in this place.
 E = Time spent auto-exploring this place.
 F = Levels seen in this place.
 G = Mean time per level.
                   A        B        C        D        E       F      G
               +--------+--------+--------+--------+--------+-----+--------+
         Total |   2758 |   2590 |    168 |     19 |   2029 |   4 |  689.5 |
       Dungeon |   2758 |   2590 |    168 |     19 |   2029 |   4 |  689.5 |
               +--------+--------+--------+--------+--------+-----+--------+

Top non-repeatable levels by time:
     D:3: 934 daAuts
     D:2: 899 daAuts
     D:1: 729 daAuts
     D:4: 195 daAuts
